 Dungeon Crawl Stone Soup version 0.29-a0-409-gd843f3a (webtiles) character file.

Game seed: 16281791244897762766

1077 Toastz the Cutter (level 8, -4/51 HPs)
             Began as a Kobold Enchanter on May 13, 2022.
             Slain by an orc warrior
             ... wielding a +0 hand axe
              (12 damage)
             ... on level 5 of the Dungeon.
             The game lasted 00:14:07 (6684 turns).

Toastz the Cutter (Kobold Enchanter)                Turns: 6684, Time: 00:14:08

Health: -4/51      AC:  6    Str:  6    XL:     8   Next: 54%
Magic:  9/11       EV: 14    Int: 22    God:
Gold:   297        SH:  0    Dex: 17    Spells: 1/12 levels left

rFire   . . .      SeeInvis .   b - +2 dagger (venom)
rCold   . . .      Faith    .   (no shield)
rNeg    . . .      Spirit   .   o - +0 leather armour
rPois   .          Reflect  .   (no helmet)
rElec   .          Harm     .   (no cloak)
rCorr   .          Rampage  .   k - +1 pair of gloves
Will    +....                   z - +0 pair of boots
Stlth   ++++......              (no amulet)
HPRegen 0.17/turn               A - +6 ring of intelligence
MPRegen 0.12/turn               p - ring of willpower

@: no status effects
A: small, no large weapons, nightstalker 3
a: no special abilities


You were on level 5 of the Dungeon.
You visited 1 branch of the dungeon, and saw 5 of its levels.

You collected 297 gold pieces.

Inventory:

Hand Weapons
 a - a +4 dagger
 b - a +2 dagger of venom (weapon)
 f - a +0 hunting sling
 q - a +0 rapier
Missiles
 t - 5 silver boomerangs (quivered)
Armour
 e - a +0 robe
 k - a +1 pair of gloves (worn)
 o - a +0 leather armour (worn)
 z - a +0 pair of boots (worn)
Magical Staves
 i - a staff of conjuration
Jewellery
 g - a +6 ring of strength
 n - a ring of protection from fire
 p - a ring of willpower (right hand)
 A - a +6 ring of intelligence (left hand)
 F - a ring of ice
Wands
 w - a wand of flame (44)
Scrolls
 h - 2 scrolls of magic mapping
 l - 4 scrolls of teleportation
 r - a scroll of enchant weapon {unknown}
 u - a scroll of amnesia
 y - a scroll of immolation {unknown}
 B - a scroll of summoning {unknown}
 C - a scroll of acquirement {unknown}
 E - 2 scrolls of fog {unknown}
Potions
 c - 3 potions of invisibility
 d - 2 potions of flight
 j - 2 potions of heal wounds {unknown}
 m - a potion of haste
 s - a potion of berserk rage {unknown}
 v - a potion of attraction {unknown}
 x - 2 potions of curing {unknown}
 D - a potion of ambrosia {unknown}


   Skills:
 + Level 6.1 Fighting
 + Level 7.5 Short Blades
 - Level 3.0 Dodging
 - Level 5.0 Stealth
 - Level 2.5 Spellcasting
 - Level 5.0 Hexes


You had one spell level left.
You knew the following spells:

 Your Spells              Type           Power      Damage    Failure   Level
a - Ensorcelled Hibernat  Hex/Ice        26%        N/A       11%         2
b - Confusing Touch       Hex            24%        N/A       8%          3
c - Tukima's Dance        Hex            24%        N/A       8%          3
d - Dazzling Flash        Conj/Hex       26%        N/A       22%         3

Your spell library contained the following spells:

 Spells                   Type           Power      Damage    Failure   Level
 Slow                     Hex            96%        N/A       2%          1
 Vampiric Draining        Necr           2%         2d6       52%         3


Dungeon Overview and Level Annotations

Branches:
Dungeon (5/15)
 Temple: D:4-7

Altars:
Elyvilon
Hepliaklqana
Vehumet
Zin

Shops:
D:1 [


Innate Abilities, Weirdness & Mutations

You are small and have problems with some larger weapons.
You are completely attuned to the shadows.


Message History

Items here: ! )) [ †.
The orc attacks as you move away! The orc closely misses you.
Casting: Ensorcelled Hibernation (safe; 11% risk of failure)
Confirm with . or Enter, or press ? or * to list all spells.
Casting: Dazzling Flash (dangerous; 22% risk of failure)
Press: ? - help, Dir - look around, f - activate The orc is dazzled.
The orc warrior is dazzled.
The orc barely misses you.
You hit the orc but do no damage. The orc closely misses you.
You catch the helpless orc completely off-guard!
You impale the orc!!
You kill the orc!
You hit the orc warrior but do no damage.
The orc warrior is lightly wounded.
You hit the orc warrior but do no damage.
The orc warrior shouts!
The orc warrior is lightly wounded.
The orc warrior hits you with a +0 hand axe.
You hit the orc warrior but do no damage.
The orc warrior is lightly wounded.
The orc warrior hits you with a +0 hand axe.
An orc wizard comes into view. It is wielding a +0 dagger.
You hit the orc warrior.
The orc warrior is moderately wounded.
You closely miss the orc warrior.
The orc warrior is moderately wounded.
The orc warrior hits you with a +0 hand axe!
* * * LOW HITPOINT WARNING * * *
Your +2 dagger of venom begins to drip with poison!
b - a +2 dagger of venom (weapon)
You closely miss the orc warrior.
The orc warrior is moderately wounded.
The orc warrior is no longer blind.
The orc warrior closely misses you.
You hit the orc warrior.
The orc warrior is poisoned.
The orc warrior is moderately wounded.
The orc warrior jeers repeatedly, as Orcs often do.
The orc warrior hits you with a +0 hand axe!
* * * LOW HITPOINT WARNING * * *
The orc warrior attacks as you move away!
The orc warrior hits you with a +0 hand axe!
You die...

..######..#######.#.#)#
#.... ..# #..# #.#.#.#
#.... ### #### #.#.#)#
#.... #.#.#.###########
#.#.#.........#
########
#.#.#########.#
.......### #.#.# #.#
..8.^8..8########.#.#
#.#
....).....#oo)oo@.#.#
#.#
..........))#######.#
#.# ..........### #|#
#.# ..8..8..8## #.# #.#
.......###
#.#########.# ########
#...........#
#.#########.# ### ###


You could see an orc warrior (poisoned), an orc wizard and an orc.

Vanquished Creatures
  Duvessa (D:4)
  An ogre (D:5)
  A gnoll sergeant (D:4)
  3 necrophages
  Dowan (D:4)
  3 hounds
  A jelly (D:3)
  Jessica (D:2)
  Natasha (thrice) (D:2)
  3 iguanas
  3 orc wizards
  9 gnolls
  2 adders
  2 ufetubi
  2 worms
  2 dart slugs
  24 orcs
  9 ball pythons
  3 endoplasms
  2 giant cockroaches
  5 goblins
  3 hobgoblins (D:3)
  4 jackals
  7 kobolds
  5 quokkas
  3 bats
  5 frilled lizards
  5 rats
113 creatures vanquished.

Vanquished Creatures (others)
  5 fungi (D:5)
5 creatures vanquished.

Grand Total: 118 creatures vanquished

Notes
Turn   | Place    | Note
-------+----------+-------------------------------------------
     0 | D:1      | Toastz the Kobold Enchanter began the quest for the Orb.
     0 | D:1      | Reached XP level 1. HP: 10/10 MP: 3/3
    75 | D:1      | Reached skill level 1 in Fighting
    75 | D:1      | Reached skill level 2 in Short Blades
    75 | D:1      | Reached XP level 2. HP: 16/16 MP: 5/5
    78 | D:1      | Learned a level 2 spell: Ensorcelled Hibernation
   475 | D:1      | Reached XP level 3. HP: 20/21 MP: 3/6
   631 | D:1      | Found Ryganel's Antique Armour Shoppe.
   652 | D:1      | Reached skill level 3 in Short Blades
   656 | D:1      | Learned a level 3 spell: Confusing Touch
  1380 | D:2      | Noticed Natasha
  1385 | D:2      | Killed Natasha
  1386 | D:2      | Reached XP level 4. HP: 27/27 MP: 2/7
  1435 | D:2      | Noticed Jessica
  1439 | D:2      | Killed Jessica
  1782 | D:2      | Noticed Natasha
  1787 | D:2      | Killed Natasha
  1788 | D:2      | Reached skill level 4 in Short Blades
  1788 | D:2      | Reached XP level 5. HP: 27/32 MP: 3/8
  1963 | D:2      | Noticed Natasha
  1970 | D:2      | Killed Natasha
  2183 | D:2      | Found a faded altar of an unknown god.
  2381 | D:2      | Found a white marble altar of Elyvilon.
  2833 | D:3      | Reached XP level 6. HP: 37/37 MP: 9/9
  2977 | D:3      | Reached skill level 5 in Short Blades
  3056 | D:3      | HP: 1/38 [poisoned by a kobold]
  3712 | D:3      | Learned a level 3 spell: Tukima's Dance
  4096 | D:4      | Noticed Duvessa
  4352 | D:4      | Reached XP level 7. HP: 28/43 MP: 3/10
  4645 | D:4      | Noticed Dowan
  4651 | D:4      | Killed Dowan
  4652 | D:4      | Reached skill level 6 in Short Blades
  4668 | D:4      | Killed Duvessa
  4979 | D:4      | Found a radiant altar of Vehumet.
  5017 | D:4      | Reached skill level 5 in Fighting
  5207 | D:4      | Learned a level 3 spell: Dazzling Flash
  5366 | D:5      | Entered Level 5 of the Dungeon
  5443 | D:5      | Reached skill level 5 in Hexes
  5443 | D:5      | Reached XP level 8. HP: 39/49 MP: 1/11
  5742 | D:5      | Reached skill level 7 in Short Blades
  5832 | D:5      | Found a runed translucent door.
  6031 | D:5      | Found a hazy altar of Hepliaklqana.
  6389 | D:5      | Reached skill level 5 in Stealth
  6474 | D:5      | Found a glowing silver altar of Zin.
  6684 | D:5      | Slain by an orc warrior

Illustrated notes

Levels and vault maps discovered:
D:1:      psy_arrival_radial01, layout_loops_cross, serial_shops,
          nicolae_shop_overgrown_old_shop, minmay_misc_feat_nine_boxes,
          serial_park_tiny_2
D:2:      layout_basic, shapermc_ecumenical_altar_ellora, basic_altar,
          uniq_jessica, uniq_natasha
D:3:      layout_basic
D:4:      layout_basic, vehumet_altar_wand_db, uniq_duvessa
D:5:      layout_basic, mainiacjoe_overflow_paths, zin_treasury,
          serial_aquarium, aquarium_bridge_straight [aquarium_subvault_bridge,
          aquarium_subvault_wall, aquarium_subvault_bridge,
          aquarium_subvault_wall], aquarium_window_fake,
          aquarium_window_corridor_2, aquarium_window_fake,
          aquarium_window_fake, aquarium_view_2d, aquarium_view_2d,
          aquarium_pool_2, lightli_church_of_beogh

Skill      XL: |  1  2  3  4  5  6  7  8 |
---------------+-------------------------+-----
Fighting       | 1 2 3 4 5 6 |  6.1
Short Blades   | 2 3 4 5 6 7 |  7.5
Hexes          | 4 5 |  5.0
Dodging        | 3 |  3.0
Stealth        | 5 |  5.0
Spellcasting   | |  2.5

Action                   |  1- 3 |  4- 6 |  7- 9 || total
-------------------------+-------+-------+-------++-------
Melee: Dagger            |    33 |   119 |   131 ||   283
       Punch             |       |     1 |     2 ||     3
 Cast: Ensorcelled Hiber |     5 |    20 |    10 ||    35
       Confusing Touch   |       |       |     3 ||     3
       Tukima's Dance    |       |       |     2 ||     2
       Dazzling Flash    |       |       |     2 ||     2
  Use: Scroll            |       |     6 |     1 ||     7
 Stab: Sleeping          |    12 |    28 |    17 ||    57
       Confused          |       |       |     5 ||     5
       Invisible         |       |       |     2 ||     2
Armor: Robe              |     1 |     2 |       ||     3
       Leather armour    |       |    21 |    18 ||    39
Dodge: Dodged            |    24 |    55 |    66 ||   145

Table legend: (Time is in decaauts)
 A = Elapsed time spent in this place.
 B = Non-inter-level travel time spent in this place.
 C = Inter-level travel time spent in this place.
 D = Time resting spent in this place.
 E = Time spent auto-exploring this place.
 F = Levels seen in this place.
 G = Mean time per level.
                   A        B        C        D        E       F      G
               +--------+--------+--------+--------+--------+-----+--------+
         Total |   6605 |   6321 |    284 |   1529 |   3933 |   5 | 1321.0 |
       Dungeon |   6605 |   6321 |    284 |   1529 |   3933 |   5 | 1321.0 |
               +--------+--------+--------+--------+--------+-----+--------+

Top non-repeatable levels by time:
     D:3: 1438 daAuts
     D:2: 1394 daAuts
     D:5: 1284 daAuts
     D:1: 1244 daAuts
     D:4: 1244 daAuts
